MID
CLINTON LUMBERKINGS @ CHARLESTON RIVERDOGS
06/15/2044
 
TOP OF THE 1ST
Clinton LumberKings batting - Pitching for Charleston RiverDogs : RHP Colin Stone
Pitching: RHP Colin Stone
Batting: RHB Josh Mauer 0-0: Ball
1-0: Ball
2-0: Ball
3-0: Called Strike
3-1: Swinging Strike
3-2: Foul Ball, location: 2F
3-2: Base on Balls
Batting: SHB Jose Castillo 0-0: Called Strike
0-1: Called Strike
0-2: Ball
1-2: Ball
2-2: Strikes out looking
Batting: LHB Jason Hopkins 0-0: Ball
Josh Mauer steals 2nd base
1-0: Ball
2-0: Swinging Strike
2-1: Ball
3-1: Fly out, F9 (Flyball, 9, EV 83.8 MPH)
Batting: LHB Jawad Fahad 0-0: Ball
1-0: Foul Ball, location: 2F
1-1: Ball
2-1: Foul Ball, location: 2F
2-2: Ball
3-2: Foul Ball, location: 2F
3-2: Foul Ball, location: 2F
3-2: DOUBLE (Groundball, 3L, EV 100.0 MPH)
Josh Mauer scores
Batting: LHB William Warren 0-0: Called Strike
0-1: Ground out 4-3 (Groundball, 4, EV 100.6 MPH)
Top of the 1st over - 1 run, 1 hit, 0 errors, 1 left on base; Clinton 1 - Charleston 0
BOTTOM OF THE 1ST
Charleston RiverDogs batting - Pitching for Clinton LumberKings : RHP Kyle Ridgeway
Pitching: RHP Kyle Ridgeway
Batting: LHB Tatsuo Yasui 0-0: Called Strike
0-1: Foul Ball, location: 2F
0-2: Foul Ball, location: 2F
0-2: Ball
1-2: Ball
2-2: Foul Ball, location: 2F
2-2: Strikes out swinging
Batting: SHB Blake Abbott 0-0: Called Strike
0-1: Swinging Strike
0-2: Ball
1-2: Foul Ball, location: 2F
1-2: Strikes out swinging
Batting: SHB Reagan Dudley 0-0: Foul Ball, location: 2F
0-1: Ball
1-1: Ground out U3 (Groundball, 34, EV 82.5 MPH)
Bottom of the 1st over - 0 runs, 0 hits, 0 errors, 0 left on base; Clinton 1 - Charleston 0
TOP OF THE 2ND
Clinton LumberKings batting - Pitching for Charleston RiverDogs : RHP Colin Stone
Batting: RHB Salvador Avina 0-0: Ball
1-0: Called Strike
1-1: SINGLE (Line Drive, 8LS, EV 104.4 MPH)
Batting: RHB Josh O'Neal 0-0: Called Strike
0-1: SINGLE (Groundball, 6M, EV 106.2 MPH)
Salvador Avina to second
Batting: LHB Brian Butler 0-0: Ball
1-0: Ball
2-0: Ball
3-0: Called Strike
3-1: Swinging Strike
3-2: Base on Balls
Salvador Avina to third
Josh O'Neal to second
Batting: SHB Victor Rijos 0-0: Foul Ball, location: 2F
0-1: Foul Ball, location: 2F
0-2: Foul Ball, location: 2F
0-2: Ball
1-2: Ball
2-2: Foul Ball, location: 2F
2-2: Foul Ball, location: 2F
2-2: Ball
3-2: Base on Balls
Salvador Avina scores
Josh O'Neal to third
Brian Butler to second
Batting: RHB Josh Mauer 0-0: Foul Ball, location: 2F
0-1: Ball
1-1: Foul Ball, location: 2F
1-2: Foul Ball, location: 2F
1-2: Ball
2-2: TRIPLE (Flyball, 89XD, EV 90.6 MPH)
Josh O'Neal scores
Brian Butler scores
Victor Rijos scores
Batting: SHB Jose Castillo 0-0: Foul Ball, location: 2F
0-1: Foul Ball, location: 2F
0-2: Foul Ball, location: 2F
0-2: Foul Ball, location: 2F
0-2: Strikes out swinging
Batting: LHB Jason Hopkins 0-0: Ball
1-0: Swinging Strike
1-1: Foul Ball, location: 2F
1-2: Strikes out swinging
Batting: LHB Jawad Fahad 0-0: DOUBLE (Groundball, 3L, EV 101.9 MPH)
Josh Mauer scores
Pitching: RHP William Beran
Batting: LHB William Warren 0-0: Ball
1-0: Ground out 6-3 (Groundball, 4M, EV 86.9 MPH)
Top of the 2nd over - 5 runs, 4 hits, 0 errors, 1 left on base; Clinton 6 - Charleston 0
BOTTOM OF THE 2ND
Charleston RiverDogs batting - Pitching for Clinton LumberKings : RHP Kyle Ridgeway
Batting: RHB Tim Nordahl 0-0: Fly out, F3 (Popup, 34, EV 76.2 MPH)
Batting: SHB Mike Goad 0-0: Ball
1-0: SINGLE (Groundball, 6D, EV 107.5 MPH)
Batting: RHB Steve Martin 0-0: Called Strike
Mike Goad steals 2nd base
0-1: Swinging Strike
0-2: Ball
1-2: Ball
2-2: Strikes out swinging
Batting: RHB Eric Blais 0-0: Ball
1-0: Ball
2-0: 2-RUN HOME RUN (Flyball, 78XD, EV 111.9 MPH), Distance : 443 ft
Batting: LHB Alex Genao 0-0: Called Strike
0-1: Called Strike
0-2: Strikes out swinging
Bottom of the 2nd over - 2 runs, 2 hits, 0 errors, 0 left on base; Clinton 6 - Charleston 2
TOP OF THE 3RD
Clinton LumberKings batting - Pitching for Charleston RiverDogs : RHP William Beran
Batting: RHB Salvador Avina 0-0: Fly out, F8 (Line Drive, 8LM, EV 98.1 MPH)
Batting: RHB Josh O'Neal 0-0: Ball
1-0: Called Strike
1-1: Called Strike
1-2: Strikes out swinging
Batting: LHB Brian Butler 0-0: Ball
1-0: Foul Ball, location: 2F
1-1: Ground out 4-3 (Groundball, 4, EV 88.1 MPH)
Top of the 3rd over - 0 runs, 0 hits, 0 errors, 0 left on base; Clinton 6 - Charleston 2
BOTTOM OF THE 3RD
Charleston RiverDogs batting - Pitching for Clinton LumberKings : RHP Kyle Ridgeway
Batting: RHB Carlos Guadarrama 0-0: Called Strike
0-1: Swinging Strike
0-2: Strikes out swinging
Batting: LHB Tatsuo Yasui 0-0: Ball
1-0: Ball
2-0: Ball
3-0: Called Strike
3-1: Base on Balls
Batting: SHB Blake Abbott 0-0: Ball
1-0: Grounds into double play, 4-6-3 (Groundball, 34, EV 90.0 MPH)
Bottom of the 3rd over - 0 runs, 0 hits, 0 errors, 0 left on base; Clinton 6 - Charleston 2
TOP OF THE 4TH
Clinton LumberKings batting - Pitching for Charleston RiverDogs : RHP William Beran
Batting: SHB Victor Rijos 0-0: Ball
1-0: Called Strike
1-1: Ball
2-1: Foul Ball, location: 2F
2-2: Foul Ball, location: 2F
2-2: Foul Ball, location: 2F
2-2: Foul Ball, location: 2F
2-2: Strikes out looking
Batting: RHB Josh Mauer 0-0: Called Strike
0-1: Ball
1-1: Fly out, F9 (Flyball, 9LM, EV 96.2 MPH)
Batting: SHB Jose Castillo 0-0: Foul Ball, location: 2F
0-1: Foul Ball, location: 2F
0-2: Ball
1-2: Strikes out swinging
Top of the 4th over - 0 runs, 0 hits, 0 errors, 0 left on base; Clinton 6 - Charleston 2
BOTTOM OF THE 4TH
Charleston RiverDogs batting - Pitching for Clinton LumberKings : RHP Kyle Ridgeway
Batting: SHB Reagan Dudley 0-0: Ball
1-0: Called Strike
1-1: Swinging Strike
1-2: Ball
2-2: Foul Ball, location: 2F
2-2: Foul Ball, location: 2F
2-2: Foul Ball, location: 2F
2-2: Ground out 5-3 (Groundball, 15, EV 90.0 MPH)
Batting: RHB Tim Nordahl 0-0: Called Strike
0-1: Ball
1-1: Ball
2-1: Ball
3-1: SINGLE (Line Drive, 9LS, EV 114.4 MPH)
Batting: SHB Mike Goad 0-0: Foul Ball, location: 2F
0-1: Foul Ball, location: 2F
0-2: Foul Ball, location: 2F
0-2: Ball
1-2: Ball
2-2: Ball
3-2: Fly out, F9 (Flyball, 89M, EV 86.9 MPH)
Batting: RHB Steve Martin 0-0: Ground out U3 (Groundball, 3, EV 82.5 MPH)
Bottom of the 4th over - 0 runs, 1 hit, 0 errors, 1 left on base; Clinton 6 - Charleston 2
TOP OF THE 5TH
Clinton LumberKings batting - Pitching for Charleston RiverDogs : RHP William Beran
Batting: LHB Jason Hopkins 0-0: Swinging Strike
0-1: Swinging Strike
0-2: Ball
1-2: Ground out U3 (Groundball, 3L, EV 83.1 MPH)
Batting: LHB Jawad Fahad 0-0: Ball
1-0: Ball
2-0: Fly out, F5 (Popup, 5SF, EV 74.4 MPH)
Batting: LHB William Warren 0-0: Foul Ball, location: 2F
0-1: Ball
1-1: Foul Ball, location: 2F
1-2: Ground out 4-3 (Groundball, 4, EV 80.6 MPH)
Top of the 5th over - 0 runs, 0 hits, 0 errors, 0 left on base; Clinton 6 - Charleston 2
BOTTOM OF THE 5TH
Charleston RiverDogs batting - Pitching for Clinton LumberKings : RHP Kyle Ridgeway
Batting: RHB Eric Blais 0-0: Called Strike
0-1: Ball
1-1: Ground out 6-3 (Groundball, 6, EV 87.5 MPH)
Batting: LHB Alex Genao 0-0: Ball
1-0: Called Strike
1-1: Fly out, F3 (Popup, 3SF, EV 81.2 MPH)
Batting: RHB Carlos Guadarrama 0-0: Called Strike
0-1: Called Strike
0-2: Strikes out swinging
Bottom of the 5th over - 0 runs, 0 hits, 0 errors, 0 left on base; Clinton 6 - Charleston 2
TOP OF THE 6TH
Clinton LumberKings batting - Pitching for Charleston RiverDogs : RHP William Beran
Batting: RHB Salvador Avina 0-0: Ball
1-0: Foul Ball, location: 2F
1-1: Reached on error, E5 (Groundball, 56S, EV 71.2 MPH)
Batting: RHB Josh O'Neal 0-0: Called Strike
0-1: SINGLE (Line Drive, 3D, EV 102.5 MPH)
Salvador Avina to third
Batting: LHB Brian Butler 0-0: Ball
1-0: Ball
2-0: Ball
3-0: Called Strike
3-1: Fly out, F2 (Popup, 25F, EV 81.9 MPH)
Batting: SHB Victor Rijos 0-0: Ball
1-0: Ball
2-0: Ball
3-0: Called Strike
3-1: Foul Ball, location: 2F
3-2: Base on Balls
Josh O'Neal to second
Pitching: RHP Luis Aceves
Batting: RHB Josh Mauer 0-0: Called Strike
0-1: Foul Ball, location: 2F
0-2: Strikes out looking
Batting: SHB Jose Castillo 0-0: Ground out 4-3 (Groundball, 4, EV 89.4 MPH)
Top of the 6th over - 0 runs, 1 hit, 1 error, 3 left on base; Clinton 6 - Charleston 2
BOTTOM OF THE 6TH
Charleston RiverDogs batting - Pitching for Clinton LumberKings : RHP Kyle Ridgeway
Batting: LHB Tatsuo Yasui 0-0: Ball
1-0: Ball
2-0: Ball
3-0: Called Strike
3-1: Called Strike
3-2: Foul Ball, location: 2F
3-2: Base on Balls
Batting: SHB Blake Abbott 0-0: Called Strike
0-1: Called Strike
0-2: Grounds into double play, U6-3 (Groundball, 4MS, EV 93.8 MPH)
Batting: SHB Reagan Dudley 0-0: Swinging Strike
0-1: Hit by Pitch
Batting: RHB Tim Nordahl 0-0: Swinging Strike
0-1: Ball
1-1: Fly out, F7 (Flyball, 7S, EV 95.0 MPH)
Bottom of the 6th over - 0 runs, 0 hits, 0 errors, 1 left on base; Clinton 6 - Charleston 2
TOP OF THE 7TH
Clinton LumberKings batting - Pitching for Charleston RiverDogs : RHP Luis Aceves
Batting: LHB Jason Hopkins 0-0: Ball
1-0: Ball
2-0: Ground out 4-3 (Groundball, 4, EV 103.8 MPH)
Batting: LHB Jawad Fahad 0-0: Ball
1-0: Foul Ball, location: 2F
1-1: Ground out 6-3 (Groundball, 56D, EV 105.0 MPH)
Batting: LHB William Warren 0-0: Ball
1-0: Ball
2-0: Ball
3-0: Called Strike
3-1: Base on Balls
Batting: RHB Salvador Avina 0-0: Ball
1-0: Ball
2-0: Ball
3-0: Base on Balls
William Warren to second
Batting: RHB Josh O'Neal 0-0: Called Strike
0-1: Ball
1-1: Ball
2-1: Fielders Choice at 2nd, 6-4 (Groundball, 56D, EV 91.9 MPH)
Top of the 7th over - 0 runs, 0 hits, 0 errors, 2 left on base; Clinton 6 - Charleston 2
BOTTOM OF THE 7TH
Charleston RiverDogs batting - Pitching for Clinton LumberKings : RHP Kyle Ridgeway
Batting: SHB Mike Goad 0-0: Ground out 4-3 (Groundball, 4MD, EV 103.8 MPH)
Batting: RHB Steve Martin 0-0: Called Strike
0-1: Foul Ball, location: 2F
0-2: Ball
1-2: Foul Ball, location: 2F
1-2: Strikes out swinging
Batting: RHB Eric Blais 0-0: SINGLE (Groundball, 56D, EV 100.0 MPH)
Batting: LHB Alex Genao 0-0: Called Strike
0-1: Ball
Eric Blais steals 2nd base
1-1: Fly out, F7 (Flyball, 7LM, EV 86.9 MPH)
Bottom of the 7th over - 0 runs, 1 hit, 0 errors, 1 left on base; Clinton 6 - Charleston 2
TOP OF THE 8TH
Clinton LumberKings batting - Pitching for Charleston RiverDogs : RHP Luis Aceves
Batting: LHB Brian Butler 0-0: Called Strike
0-1: Ball
1-1: Fly out, F9 (Flyball, 89D, EV 86.9 MPH)
Batting: SHB Victor Rijos 0-0: Foul Ball, location: 2F
0-1: Called Strike
0-2: Ball
1-2: Strikes out looking
Batting: RHB Josh Mauer 0-0: Foul Ball, location: 2F
0-1: Ball
1-1: Foul Ball, location: 2F
1-2: Ball
2-2: Strikes out swinging
Top of the 8th over - 0 runs, 0 hits, 0 errors, 0 left on base; Clinton 6 - Charleston 2
BOTTOM OF THE 8TH
Charleston RiverDogs batting - Pitching for Clinton LumberKings : RHP Kyle Ridgeway
Batting: RHB Carlos Guadarrama 0-0: Ball
1-0: Foul Ball, location: 2F
1-1: Foul Ball, location: 2F
1-2: Ball
2-2: Ball
3-2: Strikes out swinging
Pitching: RHP Adam Fair
Batting: LHB Tatsuo Yasui 0-0: Called Strike
0-1: Called Strike
0-2: Ball
1-2: Ball
2-2: Ball
3-2: Base on Balls
Batting: SHB Blake Abbott 0-0: Grounds into double play, 1-6-3 (Groundball, 13, EV 65.6 MPH)
Bottom of the 8th over - 0 runs, 0 hits, 0 errors, 0 left on base; Clinton 6 - Charleston 2
TOP OF THE 9TH
Clinton LumberKings batting - Pitching for Charleston RiverDogs : RHP Luis Aceves
Pitching: RHP Gustavo Amparo
Batting: SHB Jose Castillo 0-0: Called Strike
0-1: Swinging Strike
0-2: Strikes out swinging
Batting: LHB Jason Hopkins 0-0: Foul Ball, location: 2F
0-1: Ball
1-1: Ball
2-1: Ball
3-1: Foul Ball, location: 2F
3-2: Base on Balls
Batting: LHB Jawad Fahad 0-0: Ball
1-0: Called Strike
1-1: Fly out, F5 (Line Drive, 5, EV 70.0 MPH)
Batting: LHB William Warren 0-0: Ball
1-0: Ground out U3 (Groundball, 3L, EV 81.9 MPH)
Top of the 9th over - 0 runs, 0 hits, 0 errors, 1 left on base; Clinton 6 - Charleston 2
BOTTOM OF THE 9TH
Charleston RiverDogs batting - Pitching for Clinton LumberKings : RHP Adam Fair
Batting: SHB Reagan Dudley 0-0: Fly out, F7 (Flyball, 78M, EV 90.6 MPH)
Batting: RHB Tim Nordahl 0-0: Ball
1-0: Foul Ball, location: 2F
1-1: Foul Ball, location: 2F
1-2: Ball
2-2: Ground out 6-3 (Groundball, 6, EV 101.9 MPH)
Batting: SHB Mike Goad 0-0: Ball
1-0: Called Strike
1-1: Ball
2-1: Called Strike
2-2: Ball
3-2: Foul Ball, location: 2F
3-2: Base on Balls
Batting: RHB Steve Martin 0-0: Ball
1-0: Ball
2-0: Ball
3-0: Called Strike
3-1: Base on Balls
Mike Goad to second
Batting: RHB Eric Blais 0-0: Foul Ball, location: 2F
0-1: Ball
1-1: Ground out 5-3 (Groundball, 56S, EV 83.8 MPH)
Bottom of the 9th over - 0 runs, 0 hits, 0 errors, 2 left on base; Clinton 6 - Charleston 2
Thursday, March 31st , 2022 - OOTP Baseball 22.12 Build 89